 Dungeon Crawl Stone Soup version 0.30-a0-373-gd37427bb62 (webtiles) character file.

Game seed: 15279730751205232503

280 Shayle the Conjurer (level 6, -5/47 HPs)
             Began as a Demonspawn Reaver on Nov 25, 2022.
             Was an Initiate of Ashenzari.
             Slain by Edmund
             ... wielding a +2 dire flail of protection
              (12 damage)
             ... on level 4 of the Dungeon.
             The game lasted 00:10:37 (3546 turns).

Shayle the Conjurer (Demonspawn Reaver)             Turns: 3546, Time: 00:10:37

Health: -5/47      AC:  6    Str: 13    XL:     6   Next: 5%
Magic:  9/9        EV: 11    Int: 16    God:    Ashenzari [......]
Gold:   849        SH:  0    Dex: 11    Spells: 5/9 levels left

rFire   . . .      SeeInvis .    a - +0 hand axe (elec)
rCold   . . .      Faith    .    (no shield)
rNeg    . . .      Spirit   .    b - +0 leather armour
rPois   .          Reflect  .    (helmet restricted)
rElec   .          Harm     .    (no cloak)
rCorr   .          Rampage  .    (no gloves)
Will    .....                    q - +0 pair of boots
Stlth   ++........               (no amulet)
HPRegen 0.27/turn                (no ring)
MPRegen 0.11/turn                (no ring)

@: about to teleport
A: horns 1, powered by pain 1, sharp scales 2
a: Renounce Religion, Curse Item


You were on level 4 of the Dungeon.
You worshipped Ashenzari.
Ashenzari was noncommittal.
You visited 2 branches of the dungeon, and saw 5 of its levels.

You collected 849 gold pieces.

Inventory:

Hand Weapons
 a - a +0 hand axe of electrocution (weapon)
 k - a +0 war axe
Missiles
 e - 4 silver boomerangs
 n - 4 datura-tipped darts
Armour
 b - a +0 leather armour (worn)
 q - a +0 pair of boots (worn)
 s - the +3 leather armour "Opnibaom" {Str+4}
   (You found it on level 3 of the Dungeon)

   Str:       It affects your strength (+4).
Wands
 o - a wand of flame (47)
Scrolls
 d - 2 scrolls of teleportation
 f - 2 scrolls of amnesia
 g - a scroll of blinking {unknown}
 i - 2 scrolls of noise
 j - 2 scrolls of magic mapping {unknown}
 m - 2 scrolls of identify {unknown}
 p - a scroll of fear {unknown}
Potions
 c - 3 potions of heal wounds {unknown}
 h - 2 potions of curing
 l - a potion of berserk rage {unknown}
 r - a potion of ambrosia {unknown}


   Skills:
 + Level 3.4 Fighting
 - Level 2.6 Axes
 + Level 2.3 Armour
 - Level 1.7 Dodging
 + Level 2.6 Stealth
 - Level 2.0 Spellcasting
 + Level 3.7 Conjurations
 + Level 1.8 Ice Magic


You had 5 spell levels left.
You knew the following spells:

 Your Spells              Type           Power      Damage    Failure   Level
a - Kiss of Death         Conj/Necr      28%        2d7       12%         1
b - Hailstorm             Conj/Ice       10%        3d5       26%         3

Your spell library contained the following spells:

 Spells                   Type           Power      Damage    Failure   Level
 Momentum Strike          Conj/Tloc      14%        3d8       19%         2
 Sandblast                Erth           2%         2d4       26%         1
 Ensorcelled Hibernation  Hex/Ice        8%         N/A       28%         2
 Blink                    Tloc           2%         N/A       36%         2
 Passwall                 Tmut/Erth      0%         N/A       36%         2
 Stone Arrow              Conj/Erth      14%        3d7       36%         3
 Lesser Beckoning         Tloc           2%         N/A       61%         3
 Swiftness                Air            1%         N/A       61%         3
 Animate Armour           Summ/Erth      2%         N/A       95%         4
 Lehudib's Crystal Spear  Conj/Erth      3%         10d3      100%        8


Dungeon Overview and Level Annotations

Branches:
Dungeon (4/15)             Temple (1/1) D:4

Altars:
Ashenzari
Cheibriados
Dithmenos
Fedhas
Gozag
Hepliaklqana
Kikubaaqudgha
Makhleb
Nemelex Xobeh
Qazlal
Ru
Sif Muna
Trog
Uskayaw
Vehumet
Wu Jian
Xom

Annotations:
D:4 Edmund, Sigmund


Innate Abilities, Weirdness & Mutations

You have a pair of small horns on your head.
You sometimes gain a little power by taking damage.
You are mostly covered in razor-sharp scales. (AC +2, Slay +2)


Message History

The adder hisses angrily.
The kobold shouts!
You hear a shout!
The adder moves out of view.
Edmund the Younger comes into view.
He is wielding a +2 dire flail of protection.
Edmund moves out of view.
The kobold hits you with a +0 dagger. The kobold closely misses you.
You hit the kobold.
You kill the kobold!
Edmund shouts!
Things that are here:
a +0 dagger; a fuming orange potion; a kobold corpse You hit the adder.
Lightning courses through the adder!
You kill the adder!
Edmund says, "People think my brother is the best.
I think he's crazy."
Edmund barely misses you.
You hit Edmund but do no damage.
Sigmund the Dreaded comes into view.
He is wielding a +0 scythe of freezing.
Edmund hits you with a +2 dire flail of protection!
You hit Edmund.
Edmund is lightly wounded.
Sigmund hits you from afar with a +0 scythe of freezing.
Sigmund freezes you.
Edmund hits you with a +2 dire flail of protection!
You closely miss Edmund. Your headbutt misses Edmund.
Edmund is lightly wounded.
Edmund closely misses you.
Sigmund gestures wildly while chanting.
Sigmund flickers and vanishes!
Deactivating autopickup; reactivate with Ctrl-A.
Unknown command.
You feel better.
Edmund hits you with a +2 dire flail of protection.
Something hits you. Something freezes you.
As you read the scroll of teleportation, it crumbles to dust.
You feel strangely unstable.
Edmund hits you with a +2 dire flail of protection!
* * * LOW HITPOINT WARNING * * *
Edmund attacks as you move away!
Edmund hits you with a +2 dire flail of protection!
You die...

###..........#######
##...#####.#.#...
##(## #.#....
#.######.#...# #.
#.....#...# #+
#.##..#...# ##.#...#
# #.....# .#
#...†@#..#
#..#...@{.#
..'..#..##..#
...#..#..) ..#
...###.#..## ## ..#
#.#.## .# #.#.. #..
#.


You could see Edmund.

Vanquished Creatures
  A jelly (D:4)
  An orc wizard (D:3)
  3 gnolls
  11 adders
  2 worms (D:2)
  6 dart slugs
  15 orcs (D:3)
  7 endoplasms
  2 giant cockroaches
  6 goblins
  5 hobgoblins
  A kobold (D:4)
  2 ball pythons
  3 bats
  3 frilled lizards
  A rat (D:1)
69 creatures vanquished.

Vanquished Creatures (others)
  A gnoll (D:2)
1 creature vanquished.

Grand Total: 70 creatures vanquished

Notes
Turn   | Place    | Note
-------+----------+-------------------------------------------
     0 | D:1      | Shayle the Demonspawn Reaver began the quest for the Orb.
     0 | D:1      | Reached XP level 1. HP: 16/16 MP: 3/3
   155 | D:1      | Gained mutation: You are partially covered in razor-sharp
                  | scales. (AC +1, Slay +1) [demonic ancestry]
   155 | D:1      | Reached XP level 2. HP: 17/22 MP: 5/5
   289 | D:1      | Reached skill level 1 in Stealth
   362 | D:1      | Reached skill level 1 in Armour
   711 | D:2      | Gained mutation: You sometimes gain a little power by
                  | taking damage. [demonic ancestry]
   711 | D:2      | Reached XP level 3. HP: 26/28 MP: 6/6
   791 | D:2      | Learned a level 3 spell: Hailstorm
  1327 | D:3      | Gained mutation: You have a pair of small horns on your
                  | head. [demonic ancestry]
  1327 | D:3      | Reached XP level 4. HP: 34/34 MP: 7/7
  1503 | D:4      | Found a staircase to the Ecumenical Temple.
  1533 | Temple   | Entered the Ecumenical Temple
  1713 | Temple   | Became a worshipper of Ashenzari the Shackled
  1830 | D:4      | Reached skill level 1 in Ice Magic
  1948 | D:4      | Noticed a black bear
  2037 | D:3      | Gained mutation: You are mostly covered in razor-sharp
                  | scales. (AC +2, Slay +2) [demonic ancestry]
  2037 | D:3      | Reached XP level 5. HP: 24/41 MP: 8/8
  2351 | D:3      | Identified the +3 leather armour "Opnibaom" {Str+4}
  2722 | D:2      | Identified a scroll of acquirement
  2722 | D:2      | Acquired 661 gold pieces
  3445 | D:4      | Reached XP level 6. HP: 47/47 MP: 9/9
  3535 | D:4      | Noticed Edmund
  3541 | D:4      | Noticed Sigmund
  3546 | D:4      | Slain by Edmund

Illustrated notes

Levels and vault maps discovered:
D:1:      lemuel_arrival_hallway, layout_basic
D:2:      layout_basic
D:3:      layout_basic, serial_glass, glass_columns_c, glass_columns_b,
          glass_columns_b, glass_columns_b, due_unseen_surprise, feat_on_display
D:4:      layout_loops_corners, minmay_temple_entry_grid,
          sigmund_edmund_badplayer, uniq_sigmund
Temple:   mainiacjoe_temple_starburst

Skill      XL: |  1  2  3  4  5 |
---------------+----------------+-----
Stealth        | 1 2 |  2.6
Armour         | 1 2 |  2.3
Fighting       | 3 |  3.4
Ice Magic      | 1 |  1.8
Axes           | |  2.6
Dodging        | |  1.7
Spellcasting   | |  2.0
Conjurations   | |  3.7

Action                   |  1- 3 |  4- 6 || total
-------------------------+-------+-------++-------
Melee: Hand axe          |    88 |   124 ||   212
       Headbutt          |       |    18 ||    18
       Punch             |       |     3 ||     3
  Use: Scroll            |     5 |     2 ||     7
       Potion            |       |     3 ||     3
Armor: Leather armour    |    25 |    32 ||    57
Dodge: Dodged            |    51 |    98 ||   149

Table legend: (Time is in decaauts)
 A = Elapsed time spent in this place.
 B = Non-inter-level travel time spent in this place.
 C = Inter-level travel time spent in this place.
 D = Time resting spent in this place.
 E = Time spent auto-exploring this place.
 F = Levels seen in this place.
 G = Mean time per level.
                   A        B        C        D        E       F      G
               +--------+--------+--------+--------+--------+-----+--------+
         Total |   3583 |   3446 |    137 |    482 |   2023 |   5 |  716.6 |
       Dungeon |   3343 |   3265 |     78 |    482 |   1855 |   4 |  835.8 |
        Temple |    239 |    180 |     59 |      0 |    168 |   1 |  239.0 |
               +--------+--------+--------+--------+--------+-----+--------+

Top non-repeatable levels by time:
     D:3: 1441 daAuts
     D:2: 914 daAuts
     D:1: 634 daAuts
     D:4: 353 daAuts
  Temple: 239 daAuts
